 Dungeon Crawl Stone Soup version 0.28.0-43-g3370ac3207 (webtiles) character file.

Game seed: 56524369331625698

108 cbfl8 the Covert (level 4, -1/35 HPs)
             Began as a Vampire Delver on Mar 20, 2022.
             Killed by divine providence
             ... invoked by an orc priest
              (9 damage)
             ... on level 3 of the Dungeon.
             The game lasted 00:02:13 (647 turns).

cbfl8 the Covert (Vampire Delver)                    Turns: 647, Time: 00:02:15

Health: -1/35      AC: 11    Str: 11    XL:     4   Next: 58%
Magic:  4/4        EV:  2    Int: 12    God:
Gold:   46         SH:  0    Dex: 17    Spells: 3/3 levels left

rFire   + . .      SeeInvis +   a - +0 falchion
rCold   . . .      Faith    .   (no shield)
rNeg    . . .      Spirit   .   i - +0 plate armour
rPois   .          Reflect  .   l - +0 helmet
rElec   .          Harm     .   (no cloak)
rCorr   .          Rampage  .   (no gloves)
Will    .....                   (no boots)
Stlth   ..........              (no amulet)
HPRegen 0.31/turn               d - ring of protection from fire
MPRegen 0.09/turn               (no ring)

@: healing quickly
A: alive, fangs 3, see invisible, vampiric 2
a: Exsanguinate


You were on level 3 of the Dungeon.
You visited 1 branch of the dungeon, and saw 3 of its levels.

You collected 46 gold pieces.

Inventory:

Hand Weapons
 a - a +0 falchion (weapon)
 h - a +0 war axe
Armour
 b - a +0 leather armour
 i - a +0 plate armour (worn)
 l - a +0 helmet (worn)
 m - a +0 ring mail
Jewellery
 d - a ring of protection from fire (left hand)
Wands
 g - a wand of digging (3)
 o - a wand of acid (10)
Scrolls
 c - a scroll of fog
 f - a scroll of noise {unknown}
 j - 2 scrolls of amnesia {unknown}
 k - a scroll of identify {unknown}
 n - a scroll of brand weapon {unknown}


   Skills:
 + Level 3.1 Fighting
 + Level 2.6 Long Blades
 + Level 0.6 Armour
 + Level 2.3 Dodging
 + Level 9.0 Stealth


You had 3 spell levels left.
You didn't know any spells.
Your spell library was empty.

Dungeon Overview and Level Annotations

Branches:
Dungeon (5/15)
 Temple: D:4-7

Altars:
Cheibriados

Annotations:
D:4 Blork the orc


Innate Abilities, Weirdness & Mutations

Your natural rate of healing is accelerated.
You have razor-sharp teeth.
You have supernaturally acute eyesight. (SInv)
You are afflicted with vampirism and can become a bat while bloodless.


Message History

The frilled lizard bites you but does no damage.
The orc priest looks encouraged for a moment.
The orc hits you but does no damage.
You hit the orc.
You kill the orc!
The frilled lizard bites you but does no damage.
The dart slug launches a dart at you.
The slug dart hits you but does no damage.
As you read the scroll of fear, it crumbles to dust.
You assume a fearsome visage.
The dart slug looks frightened!
The frilled lizard looks frightened!
The orc looks frightened! x2
The orc priest looks frightened!
There is a stone staircase leading down here.
You see here a rat corpse.
You start resting.
An orc priest is nearby!
You closely miss the orc priest.
The orc priest hits you but does no damage.
The orc priest mumbles some strange prayers to Beogh against you.
Beogh smites you!
* * * LOW HITPOINT WARNING * * *
You hit the orc priest but do no damage.
The orc priest hits you but does no damage.
You hit the orc priest.
You bite the orc priest, but do no damage.
The orc priest is moderately wounded.
The orc priest barely misses you.
You hit the orc priest. You bite the orc priest.
The orc priest is heavily wounded.
The orc priest hits you but does no damage.
You hit the orc priest.
The orc priest is severely wounded.
The orc priest barely misses you.
You barely miss the orc priest.
The orc priest is severely wounded.
The orc priest hits you with a +0 whip.
* * * LOW HITPOINT WARNING * * *
The orc priest mumbles some strange prayers to Beogh against you.
Beogh smites you!
You die...

#.........#
#.........## .
########.>†###.##
#.........
###.........
#...........
#...........
#o#...#.....
#@#...#.....
#.########.. #.#
.. ###


You could see an orc priest.

Vanquished Creatures
  2 hounds
  Robin (D:4)
  2 adders
  An orc (D:3)
  A ball python (D:4)
  A bat (D:3)
  6 goblins
  3 hobgoblins
  2 kobolds (D:4)
  A frilled lizard (D:3)
  A rat (D:3)
21 creatures vanquished.

Notes
Turn   | Place    | Note
-------+----------+-------------------------------------------
     0 | D:5      | cbfl8 the Vampire Delver began the quest for the Orb.
     0 | D:5      | Reached XP level 1. HP: 17/17 MP: 1/1
    24 | D:5      | Noticed a hound
    34 | D:5      | Killed a hound
    35 | D:5      | Reached skill level 8 in Stealth
    35 | D:5      | Reached XP level 2. HP: 8/24 MP: 2/2
   169 | D:4      | Gained mutation: You are afflicted with vampirism and can
                  | become a bat while bloodless. [Vampire growth]
   169 | D:4      | Reached XP level 3. HP: 14/29 MP: 3/3
   242 | D:4      | Found a snail-covered altar of Cheibriados.
   255 | D:4      | Reached XP level 4. HP: 23/35 MP: 4/4
   301 | D:4      | Noticed Robin
   309 | D:4      | Killed Robin
   476 | D:4      | Noticed Blork the orc
   476 | D:4      | Noticed a scorpion
   582 | D:3      | Reached skill level 9 in Stealth
   647 | D:3      | Killed from afar by an orc priest

Illustrated notes

Levels and vault maps discovered:
D:3:      kennysheep_the_goblin_king, layout_basic, okawaru_metal_pillars_1_2
D:4:      layout_loops_ring, old_standard_altar, lemuel_doored_altar,
          kennysheep_generic_room_10, uniq_robin, uniq_blork_the_orc
D:5:      layout_basic, minmay_misc_feat_rugged, uniq_eustachio

Skill      XL: |  1  2  3  4 |
---------------+-------------+-----
Fighting       | 3 |  3.1
Stealth        | 8 9 |  9.0
Long Blades    | |  2.6
Armour         | |  0.6
Dodging        | |  2.3

Action                   |  1- 3 |  4- 6 || total
-------------------------+-------+-------++-------
Melee: Falchion          |    27 |    48 ||    75
       Bite              |     3 |    10 ||    13
       Punch             |       |     1 ||     1
  Use: Scroll            |     1 |     1 ||     2
       Potion            |       |     1 ||     1
Armor: Leather armour    |     1 |       ||     1
       Plate armour      |    39 |    70 ||   109
Dodge: Dodged            |     9 |    13 ||    22
